 Dungeon Crawl Stone Soup version 0.30-a0-986-g7f2e898f52 (webtiles) character file.

Game seed: 5381777032335453745

122808 gruber the Spear-Bearer (level 16, 0/129 HPs)
             Began as a Gnoll Reaver on Apr 1, 2023.
             Was an Initiate of Gozag.
             Shot with a bolt by Vashnia (20 damage)
             ... on level 2 of the Snake Pit.
             The game lasted 00:47:58 (33261 turns).

gruber the Spear-Bearer (Gnoll Reaver)             Turns: 33261, Time: 00:47:59

Health: 0/129      AC: 25    Str: 12    XL:     16   Next: 88%
Magic:  41/41      EV: 12    Int: 19    God:    Gozag
Gold:   4439       SH: 11    Dex: 12    Spells: 34/40 levels left

rFire   + . .      SeeInvis +    V - +8 Vampire's Tooth {megavamp}
rCold   + + +      Faith    .    S - +0 kite shield
rNeg    . . .      Spirit   .    W - +7 Kryia's mail coat {PotionHeal*2 rC+}
rPois   +          Reflect  .    L - +1 helmet "Cypiumm" {rC+ Will+ rCorr MP+9}
rElec   +          Rampage  .    (no cloak)
rCorr   +                        o - +0 pair of gloves
Will    ++...                    E - +0 pair of boots of the Ageless Coins {SInv}
Stlth   +++                      p - amulet of magic regeneration
HPRegen 0.41/turn                f - +4 ring of protection
MPRegen 0.67/turn                g - ring of poison resistance

@: mighty, resistant, hasted, very quick
A: fangs 1, strong nose, distributed training
a: Renounce Religion, Potion Petition, Call Merchant, Bribe Branch


You were on level 2 of the Snake Pit.
You worshipped Gozag.
Gozag was most pleased with you.
You visited 5 branches of the dungeon, and saw 25 of its levels.
You also visited: Bailey.

You collected 10029 gold pieces.
You spent 1543 gold pieces at shops.
You paid 4047 gold pieces to Gozag.

Inventory:

Hand Weapons
 Q - the +11 Singing Sword {sonic wave}
   (You found it in a bailey)
 V - the +8 Vampire's Tooth (weapon) {megavamp}
   (You bought it in a shop on level 10 of the Dungeon)
Missiles
 J - 92 poisoned darts
 T - 6 throwing nets
Armour
 o - a +0 pair of gloves (worn)
 E - the +0 pair of boots of the Ageless Coins (worn) {SInv}
   (You found it on level 6 of the Dungeon)

   SInv:      It lets you see invisible.
 L - the +1 helmet "Cypiumm" (worn) {rC+ Will+ rCorr MP+9}
   (You bought it in a shop on level 1 of the Snake Pit)

   rC:        It protects you from cold.
   MP:        It affects your magic capacity (+9).
   rCorr:     It protects you from acid and corrosion.
   Will:      It increases your willpower.
 S - a +0 kite shield (worn)
 W - the +7 Kryia's mail coat (worn) {PotionHeal*2 rC+}
   (You found it on level 11 of the Dungeon)

   PotionHeal*2: Potions heal its wearer twice as much.
   rC:        It protects you from cold.
Jewellery
 f - a +4 ring of protection (left hand)
 g - a ring of poison resistance (right hand)
 p - an amulet of magic regeneration (around neck)
 B - a ring of willpower
 C - a ring of protection from fire
 M - the ring of Owubie {rC+ Str+3}
   (You found it on level 7 of the Dungeon)

   [ring of protection from cold]

   Str:       It affects your strength (+3).
   rC:        It protects you from cold.
 O - a ring of resist corrosion
 Y - a ring of magical power
Wands
 y - a wand of digging (6)
 F - a wand of quicksilver (24)
 G - a wand of polymorph (4)
 I - a wand of roots (17)
 K - a wand of mindburst (21)
 X - a wand of flame (26)
 Z - a wand of paralysis (3)
Scrolls
 b - 9 scrolls of teleportation {unknown}
 c - 3 scrolls of immolation {unknown}
 d - 10 scrolls of poison {unknown}
 e - 5 scrolls of magic mapping {unknown}
 i - a scroll of brand weapon
 j - 6 scrolls of fog {unknown}
 k - 5 scrolls of enchant weapon {unknown}
 l - 4 scrolls of vulnerability {unknown}
 n - 5 scrolls of summoning {unknown}
 s - 3 scrolls of fear {unknown}
 t - 2 scrolls of enchant armour {unknown}
 w - 4 scrolls of noise {unknown}
 x - a scroll of blinking
 H - 2 scrolls of amnesia
 R - 2 scrolls of silence
 U - a scroll of identify
Potions
 a - 7 potions of might
 h - 8 potions of cancellation
 m - 12 potions of curing
 q - 5 potions of magic
 r - 5 potions of lignification
 u - 9 potions of flight
 v - 4 potions of ambrosia
 z - 7 potions of haste
 A - 2 potions of berserk rage
 D - 5 potions of brilliance
 N - 5 potions of heal wounds
Miscellaneous
 P - a phantom mirror


   Skills:
 + Level 12.4 Fighting
 + Level 11.6 Short Blades
 + Level 11.6 Long Blades
 + Level 11.6 Axes
 + Level 11.6 Maces & Flails
 + Level 13.2 Polearms
 + Level 11.6 Staves
 + Level 11.6 Ranged Weapons
 + Level 11.6 Throwing
 + Level 11.6 Armour
 + Level 12.4 Dodging
 + Level 11.6 Stealth
 + Level 11.6 Shields
 + Level 11.6 Unarmed Combat
 + Level 12.6 Spellcasting
 + Level 11.2 Conjurations
 + Level 9.8 Hexes
 + Level 9.8 Summonings
 + Level 9.8 Necromancy
 + Level 9.8 Translocations
 + Level 9.8 Transmutations
 + Level 9.8 Fire Magic
 + Level 9.8 Ice Magic
 + Level 9.8 Air Magic
 + Level 9.8 Earth Magic
 + Level 9.8 Poison Magic
 + Level 12.6 Invocations
 + Level 11.6 Evocations


You had 34 spell levels left.
You knew the following spells:

 Your Spells              Type           Power      Damage    Failure   Level
a - Kiss of Death         Conj/Necr      100%       2d13      1%          1
b - Momentum Strike       Conj/Tloc      100%       3d10      1%          2
c - Hailstorm             Conj/Ice       51%        3d11      1%          3

Your spell library contained the following spells:

 Spells                   Type           Power      Damage    Failure   Level
 Sting                    Tmut/Pois      100%       1d8       1%          1
 Blink                    Tloc           98%        N/A       1%          2
 Lesser Beckoning         Tloc           98%        N/A       1%          2
 Poisonous Vapours        Pois/Air       98%        N/A       1%          2
 Call Canine Familiar     Summ           49%        N/A       2%          3
 Ignite Poison            Fire/Tmut/Pois 49%        N/A       2%          3
 Kindle Blastsparks       Fire/Tloc/Air  98%        2d18      2%          3
 Portal Projectile        Hex/Tloc       98%        N/A       2%          3
 Tukima's Dance           Hex            49%        N/A       2%          3
 Fulminant Prism          Conj/Hex       25%        3d14      5%          4
 Sticky Flame             Conj/Fire      51%        2d7       5%          4
 Cause Fear               Hex            24%        N/A       8%          4
 Leda's Liquefaction      Hex/Erth       24%        N/A       8%          4
 Olgreb's Toxic Radiance  Pois           49%        N/A       8%          4
 Petrify                  Tmut/Erth      49%        N/A       8%          4
 Arcjolt                  Conj/Air       25%        1d35      16%         5
 Freezing Cloud           Conj/Ice/Air   25%        6-21      17%         5
 Borgnjor's Vile Clutch   Necr/Erth      24%        N/A       22%         5
 Metabolic Englaciation   Hex/Ice        24%        N/A       22%         5
 Death Channel            Necr           24%        N/A       75%         6
 Statue Form              Tmut/Erth      32%        N/A       75%         6
 Storm Form               Tmut/Air       24%        N/A       100%        7
 Ignition                 Fire           24%        3d8       100%        8
 Maxwell's Capacitive Co  Air            24%        ∞         100%        8
 Animate Dead             Necr           Unusable   N/A       N/A         4

Dungeon Overview and Level Annotations

Branches:
Dungeon (15/15)            Temple (1/1) D:4            Lair (5/5) D:8
  Swamp (0/4) Lair:3        Snake (2/4) Lair:3        Slime (0/5) Lair:5
    Orc (2/2) D:9             Elf (0/3) Orc:2        Vaults (0/5) D:13
 Depths (0/4) D:15         Bailey (visited)

Altars:
Ashenzari
Cheibriados
Dithmenos
Elyvilon
Fedhas
Gozag
Hepliaklqana
Kikubaaqudgha
Makhleb
Nemelex Xobeh
Okawaru
Qazlal
Ru
Sif Muna
Trog
Uskayaw
Vehumet
Wu Jian
Xom
Yredelemnul
Zin
The Shining One
Jiyva

Shops:
D:7 (   D:8 (   D:10 (   D:12 *   Orc:2 [=[*   Snake:1 ?[*[   Snake:2 [==:

Annotations:
D:6 2 runed translucent doors, Crazy Yiuf; gohu's ghost, novice HOFi
Snake:2 Vashnia
Orc:1 1 runed translucent door, PaleRider's ghost, journeyman VSFi


Innate Abilities, Weirdness & Mutations

You have very sharp teeth.
Your uncanny sense of smell can sniff out nearby items.
Your experience applies equally to all skills.


Message History

Vashnia is moderately wounded.
You miss Vashnia. You bite Vashnia, but do no damage.
Vashnia is moderately wounded.
You puncture Vashnia! Your bite misses Vashnia.
Vashnia is heavily wounded.
You hit Vashnia.
You feel better.
Vashnia is heavily wounded.
Vashnia unwields a +5 dire flail of protection.
Vashnia wields a +0 arbalest.
Vashnia shoots a bolt.
The bolt hits you!! Vashnia constricts you.
You hit Vashnia but do no damage.
Vashnia is heavily wounded.
You puncture Vashnia!
Vashnia is heavily wounded.
You hit Vashnia.
Vashnia is heavily wounded.
You puncture Vashnia!
Vashnia is heavily wounded.
Vashnia shoots a bolt.
The bolt hits you but does no damage. Vashnia constricts you.
You puncture Vashnia! Your bite misses Vashnia.
Vashnia is severely wounded.
You hit Vashnia.
You feel better.
Vashnia is severely wounded.
You miss Vashnia.
Vashnia is severely wounded.
You miss Vashnia. You bite Vashnia!
Vashnia is severely wounded.
Vashnia casts a spell.
Vashnia blinks!
Vashnia loses her grip on you.
Vashnia shoots a bolt.
The bolt hits you!!
* * * LOW HITPOINT WARNING * * *
Space seems to twist oddly around Vashnia.
Vashnia spits poison at you.
The splash of poison hits you but does no damage.
You resist.
Vashnia casts a spell.
Vashnia magically shoots a bolt.
The bolt hits you!!
You die...
Your body crumbles into a pile of gold.

.............# #.##
.............# #..#
.............# #..#
.............#####$.#
##......)...........#
#.....###########..#
##.....#............#
...#.#.#.#####.###N.#
...>.#.#.$......@...#
....##.#####.#.####.#
....##.#.....(.#....#
....##.#.###.#.#.####
....##.#.......#.#
....##'#####.###$#
....$......?<$$.$#
###......###########
#................#


You could see Vashnia.

Vanquished Creatures
  Rupert (D:14)
  Frances (D:13)
  Aizul (Snake:1)
  An orc warlord (D:9)
  A dire elephant (D:15)
  Snorg (Orc:1)
  Josephine (D:10)
  Fannar (Lair:3)
  Erolcha (D:11)
  3 ogre magi
  8 hydras
  Harold (Lair:2)
  4 vault guards (D:13)
  5 boulder beetles
  4 anacondas (Snake:2)
  A merfolk avatar (Lair:5)
  A catoblepas (Lair:5)
  A death knight (D:14)
  2 centaur warriors
  5 death yaks (Lair:4)
  3 naga warriors
  15 two-headed ogres
  2 tengu warriors (D:13)
  A shock serpent (Snake:1)
  Urug (D:9)
  5 naga sharpshooters (Snake:2)
  6 skysharks
  A skeletal warrior (D:14)
  A salamander mystic (Snake:2)
  2 deep trolls (Orc:2)
  A wizard (D:14)
  A harpy (Lair:5)
  3 orc knights
  2 deep elf pyromancers (D:13)
  8 ugly things
  7 cyclopes
  An orc sorcerer (Orc:1)
  2 mana vipers (Snake:1)
  3 manticores
  7 salamanders
  Joseph (D:7)
  19 elephants
  14 black mambas
  3 gargoyles
  8 cane toads
  2 kobold demonologists
  3 naga magi
  5 komodo dragons
  3 unseen horrors
  2 freezing wraiths (D:14)
  An efreet (D:13)
  A tengu conjurer (D:15)
  6 meliai (D:15)
  5 polar bears
  17 trolls
  2 wind drakes (Lair:5)
  Grinder (D:5)
  16 blink frogs
  A hornet (D:11)
  7 slime creatures
  2 tyrant leeches (Lair:3)
  2 centaur simulacra
  7 wraiths
  52 yaks
  3 shadows
  13 wyverns
  A vampire (D:9)
  A basilisk (shapeshifter) (D:14)
  7 basilisks
  3 steam dragons
  5 vampire mosquitoes (D:12)
  Edmund (D:4)
  Menkaure (D:4)
  A swamp worm (Lair:3)
  6 wargs
  14 nagas
  5 acid dragons
  15 water moccasins
  32 orc warriors
  2 sky beasts
  An ice beast (D:6)
  5 wolves
  29 ogres
  7 centaurs
  A phantom (D:6)
  Blork the orc (D:5)
  14 bullfrogs
  24 kobold brigands
  4 necrophages (Lair:4)
  3 gnoll sergeants
  3 scorpions
  10 wights
  4 killer bees (D:7)
  2 howler monkeys
  3 electric eels (D:9)
  7 hounds
  4 jellies
  17 orc priests
  3 iguanas
  13 orc wizards
  Robin (D:4)
  12 gnolls
  4 adders
  A shadow imp (D:6)
  3 white imps
  2 worms
  2 dart slugs (D:1)
  76 orcs
  7 ball pythons
  6 endoplasms
  3 giant cockroaches
  20 goblins
  15 hobgoblins
  6 jackals
  3 quokkas
  8 bats
  31 kobolds
  3 rats
764 creatures vanquished.

Vanquished Creatures (others)
  A naga sharpshooter (Snake:2)
  A centaur (D:14)
  29 fungi
  45 plants
  2 withered plants (D:6)
78 creatures vanquished.

Grand Total: 842 creatures vanquished

Notes
Turn   | Place    | Note
-------+----------+-------------------------------------------
     0 | D:1      | gruber the Gnoll Reaver began the quest for the Orb.
     0 | D:1      | Reached XP level 1. HP: 20/20 MP: 6/6
   288 | D:1      | Reached XP level 2. HP: 22/22 MP: 5/7
   631 | D:1      | Found a faded altar of an unknown god.
   654 | D:1      | Reached skill level 5 in Spellcasting
   654 | D:1      | Reached XP level 3. HP: 31/31 MP: 7/9
   657 | D:1      | Learned a level 2 spell: Momentum Strike
  1202 | D:2      | Reached skill level 1 in Invocations
  1218 | D:2      | Found a basalt altar of Yredelemnul.
  1392 | D:2      | Reached skill level 1 in Short Blades
  1392 | D:2      | Reached skill level 1 in Long Blades
  1392 | D:2      | Reached skill level 1 in Axes
  1392 | D:2      | Reached skill level 1 in Maces & Flails
  1392 | D:2      | Reached skill level 1 in Staves
  1392 | D:2      | Reached skill level 1 in Ranged Weapons
  1392 | D:2      | Reached skill level 1 in Throwing
  1392 | D:2      | Reached skill level 1 in Armour
  1392 | D:2      | Reached skill level 1 in Stealth
  1392 | D:2      | Reached skill level 1 in Shields
  1392 | D:2      | Reached skill level 1 in Unarmed Combat
  1392 | D:2      | Reached skill level 1 in Evocations
  1604 | D:2      | Reached XP level 4. HP: 38/38 MP: 3/11
  1608 | D:2      | Learned a level 3 spell: Hailstorm
  1830 | D:3      | Reached skill level 1 in Hexes
  1830 | D:3      | Reached skill level 1 in Summonings
  1830 | D:3      | Reached skill level 1 in Necromancy
  1830 | D:3      | Reached skill level 1 in Translocations
  1830 | D:3      | Reached skill level 1 in Transmutations
  1830 | D:3      | Reached skill level 1 in Fire Magic
  1830 | D:3      | Reached skill level 1 in Ice Magic
  1830 | D:3      | Reached skill level 1 in Air Magic
  1830 | D:3      | Reached skill level 1 in Earth Magic
  1830 | D:3      | Reached skill level 1 in Poison Magic
  1943 | D:3      | Reached XP level 5. HP: 21/35 MP: 2/12
  2221 | D:3      | Identified the +3 leather armour "Betsipp" {Dex+3}
  2312 | D:4      | Noticed Edmund
  2412 | D:4      | Found a staircase to the Ecumenical Temple.
  2559 | D:4      | Killed Edmund
  2560 | D:4      | Reached skill level 5 in Fighting
  2560 | D:4      | Reached skill level 5 in Dodging
  2560 | D:4      | Reached XP level 6. HP: 14/51 MP: 2/14
  2789 | D:4      | Noticed Robin
  2800 | D:4      | Killed Robin
  2927 | Temple   | Entered the Ecumenical Temple
  3016 | Temple   | Became a worshipper of Gozag Ym Sagoz the Greedy
  3043 | D:4      | Reached skill level 7 in Polearms
  3043 | D:4      | Reached XP level 7. HP: 43/56 MP: 2/15
  3058 | D:4      | Noticed Menkaure
  3063 | D:4      | Killed Menkaure
  3644 | D:5      | Entered Level 5 of the Dungeon
  3684 | D:5      | Noticed Blork the orc
  3693 | D:5      | Killed Blork the orc
  3858 | D:5      | Noticed Grinder
  3858 | D:5      | Paralysed by Grinder for 4 turns
  3877 | D:5      | Killed Grinder
  3878 | D:5      | Reached XP level 8. HP: 57/63 MP: 4/16
  4570 | D:6      | Identified the +0 pair of boots of the Ageless Coins {SInv}
  4879 | D:6      | Got the Excursus on Unfortunate Feathers
  4903 | D:6      | Found an iron altar of Okawaru.
  4905 | D:6      | Found a broken altar of Ashenzari.
  4912 | D:6      | Found a white marble altar of Elyvilon.
  4915 | D:6      | Found a shimmering blue altar of Sif Muna.
  4915 | D:6      | Found a sparkling altar of Nemelex Xobeh.
  4922 | D:6      | Found a hide-covered altar of Uskayaw.
  4923 | D:6      | Found a stormy altar of Qazlal.
  4961 | D:6      | Reached XP level 9. HP: 69/69 MP: 3/18
  5317 | D:6      | Found a runed translucent door.
  5327 | D:6      | Noticed gohu's ghost (novice HOFi)
  5465 | D:6      | Got the Guidebook on the Welkin and Guile
  5663 | D:6      | Found a runed translucent door.
  5664 | D:6      | Noticed Crazy Yiuf
  5973 | D:7      | Reached skill level 8 in Polearms
  6086 | D:7      | Reached skill level 5 in Invocations
  6155 | D:7      | Found Ike Ofa's Antique Weapon Boutique.
  6171 | D:7      | Noticed Joseph
  6198 | D:7      | Killed Joseph
  6354 | D:7      | Found a sacrificial altar of Ru.
  6553 | D:7      | Reached skill level 5 in Short Blades
  6553 | D:7      | Reached skill level 5 in Long Blades
  6553 | D:7      | Reached skill level 5 in Axes
  6553 | D:7      | Reached skill level 5 in Maces & Flails
  6553 | D:7      | Reached skill level 5 in Staves
  6553 | D:7      | Reached skill level 5 in Ranged Weapons
  6553 | D:7      | Reached skill level 5 in Throwing
  6553 | D:7      | Reached skill level 5 in Armour
  6553 | D:7      | Reached skill level 5 in Stealth
  6553 | D:7      | Reached skill level 5 in Shields
  6553 | D:7      | Reached skill level 5 in Unarmed Combat
  6553 | D:7      | Reached skill level 5 in Evocations
  6553 | D:7      | Reached XP level 10. HP: 58/76 MP: 20/20
  6731 | D:7      | Identified the ring of Owubie {rC+ Str+3}
  7058 | D:8      | Found Ostaemoh's Antique Weapon Shoppe.
  7122 | D:8      | Found a flagged portal.
  7241 | Bailey   | Entered a bailey
  7717 | Bailey   | Found the +11 Singing Sword {sonic wave}
  7718 | Bailey   | Found an iron altar of Okawaru.
  7903 | D:8      | Found a staircase to the Lair.
  8390 | D:8      | Reached skill level 9 in Polearms
  8654 | D:9      | Reached skill level 5 in Hexes
  8654 | D:9      | Reached skill level 5 in Summonings
  8654 | D:9      | Reached skill level 5 in Necromancy
  8654 | D:9      | Reached skill level 5 in Translocations
  8654 | D:9      | Reached skill level 5 in Transmutations
  8654 | D:9      | Reached skill level 5 in Fire Magic
  8654 | D:9      | Reached skill level 5 in Ice Magic
  8654 | D:9      | Reached skill level 5 in Air Magic
  8654 | D:9      | Reached skill level 5 in Earth Magic
  8654 | D:9      | Reached skill level 5 in Poison Magic
  8654 | D:9      | Reached XP level 11. HP: 82/85 MP: 22/22
  8830 | D:9      | Found a staircase to the Orcish Mines.
  9919 | D:10     | Entered Level 10 of the Dungeon
 10008 | D:10     | Noticed Josephine
 10015 | D:10     | Killed Josephine
 10232 | D:10     | Found Zapniwekk's Weapon Shop.
 10335 | D:10     | Bought the +8 Vampire's Tooth {megavamp} for 900 gold
                  | pieces
 10335 | D:10     | Found the +8 Vampire's Tooth {megavamp}
 11029 | D:11     | Noticed a boulder beetle
 11046 | D:11     | Killed a boulder beetle
 11089 | D:11     | Reached XP level 12. HP: 80/94 MP: 24/24
 11175 | D:11     | Noticed a two-headed ogre
 11185 | D:11     | Killed a two-headed ogre
 11592 | D:11     | Noticed a two-headed ogre
 11602 | D:11     | Killed a two-headed ogre
 11802 | D:11     | Noticed Erolcha
 11831 | D:11     | Killed Erolcha
 11832 | D:11     | Reached skill level 10 in Polearms
 12044 | D:11     | Found the +7 Kryia's mail coat {PotionHeal*2 rC+}
 12216 | D:11     | Noticed a boulder beetle
 12471 | D:11     | Killed a boulder beetle
 12734 | Lair:1   | Entered Level 1 of the Lair of Beasts
 13783 | Lair:1   | Identified the +1 pair of boots "Naevo Mics" {+Inv rC-
                  | Str+8 Int-3}
 13954 | Lair:2   | Noticed a skyshark
 13990 | Lair:2   | Killed a skyshark
 14378 | Lair:2   | Reached XP level 13. HP: 101/101 MP: 26/26
 14550 | Lair:2   | Noticed Harold
 14587 | Lair:2   | Paralysed by Harold for 3 turns
 14599 | Lair:2   | Paralysed by Harold for 3 turns
 14603 | Lair:2   | Killed Harold
 15504 | Lair:3   | You fall into a shaft and drop 2 floors!
 15504 | Lair:5   | Entered Level 5 of the Lair of Beasts
 15779 | Lair:5   | Reached skill level 10 in Spellcasting
 16037 | Lair:5   | Identified the +6 broad axe of Odiudafode {antimagic,
                  | *Noise rElec rN+ Str+8}
 16697 | Lair:4   | Reached skill level 10 in Fighting
 16697 | Lair:4   | Reached skill level 11 in Polearms
 16697 | Lair:4   | Reached skill level 10 in Dodging
 17569 | Lair:3   | Found a staircase to the Snake Pit.
 17595 | Lair:3   | Found a staircase to the Swamp.
 17761 | Lair:3   | Reached XP level 14. HP: 110/110 MP: 28/28
 17775 | Lair:3   | Reached skill level 10 in Invocations
 18000 | Lair:3   | Noticed Fannar
 18026 | Lair:3   | Killed Fannar
 20352 | Lair:5   | Found a viscous altar of Jiyva.
 20353 | Lair:5   | Found a staircase to the Slime Pits.
 20412 | Lair:5   | Found the +8 demon blade "Leech" {evervamp, Harm Drain rN+}
 21054 | Orc:1    | Entered Level 1 of the Orcish Mines
 21054 | Orc:1    | Found a runed translucent door.
 21063 | Orc:1    | Noticed Snorg
 21068 | Orc:1    | Noticed an orc warlord
 21068 | Orc:1    | Noticed Urug
 21077 | Orc:1    | Killed Snorg
 21083 | Orc:1    | Reached skill level 10 in Conjurations
 21103 | D:9      | Killed an orc warlord
 21117 | D:9      | Killed Urug
 21341 | Orc:1    | Reached skill level 10 in Short Blades
 21341 | Orc:1    | Reached skill level 10 in Long Blades
 21341 | Orc:1    | Reached skill level 10 in Axes
 21341 | Orc:1    | Reached skill level 10 in Maces & Flails
 21341 | Orc:1    | Reached skill level 10 in Staves
 21341 | Orc:1    | Reached skill level 10 in Ranged Weapons
 21341 | Orc:1    | Reached skill level 10 in Throwing
 21341 | Orc:1    | Reached skill level 10 in Armour
 21341 | Orc:1    | Reached skill level 10 in Stealth
 21341 | Orc:1    | Reached skill level 10 in Shields
 21341 | Orc:1    | Reached skill level 10 in Unarmed Combat
 21341 | Orc:1    | Reached skill level 10 in Evocations
 21715 | Orc:1    | Noticed PaleRider's ghost (journeyman VSFi)
 21991 | Orc:2    | Entered Level 2 of the Orcish Mines
 22022 | Orc:2    | Found Plog's Jewellery Shoppe.
 22140 | Orc:2    | Reached XP level 15. HP: 118/118 MP: 30/30
 22160 | Orc:2    | Found a staircase to the Elven Halls.
 22383 | Orc:2    | Reached skill level 12 in Polearms
 22637 | Orc:2    | Found Teusom's Assorted Antiques.
 22949 | Orc:2    | Found Lohiaq's Armour Emporium.
 22987 | Orc:2    | Found Zusao's Antique Armour Shop.
 23772 | D:12     | Found a glowing silver altar of Zin.
 23773 | D:12     | Found Zin's Purification Station.
 24891 | D:13     | Noticed Frances
 24949 | D:13     | Killed Frances
 25347 | D:13     | Found a gate to the Vaults.
 26313 | D:14     | Noticed Rupert
 26313 | D:14     | Paralysed by Rupert for 5 turns
 26341 | D:14     | Killed Rupert
 26342 | D:14     | Reached XP level 16. HP: 116/127 MP: 30/32
 27577 | D:15     | Entered Level 15 of the Dungeon
 28240 | D:15     | Found a staircase to the Depths.
 29470 | Snake:1  | Entered Level 1 of the Snake Pit
 29690 | Snake:1  | Noticed Aizul
 29808 | Snake:1  | Killed Aizul
 29809 | Snake:1  | Reached skill level 13 in Polearms
 30238 | Snake:1  | Found Diaqiex's General Store.
 30238 | Snake:1  | Found Syizunwume's Antique Armour Boutique.
 30241 | Snake:1  | Found Buvesi's Armour Shop.
 30243 | Snake:1  | Found Qusadi's Magic Scroll Boutique.
 30247 | Snake:1  | Bought the +1 helmet "Cypiumm" {rC+ Will+ rCorr MP+9} for
                  | 643 gold pieces
 30569 | Snake:1  | Found a glowing silver altar of Zin.
 31229 | Snake:2  | Noticed Vashnia
 32089 | Snake:2  | Found Keoqowoc's Antique Armour Shoppe.
 32104 | Snake:2  | Found Ziteyciq's Book Shop.
 32104 | Snake:2  | Found Usmyek's Jewellery Shoppe.
 32105 | Snake:2  | Found Asarch's Jewellery Shoppe.
 33261 | Snake:2  | Shot with a bolt by Vashnia

Illustrated notes

Levels and vault maps discovered:
D:1:      psy_arrival_terrarium, layout_basic,
          shapermc_ecumenical_altar_mp_ritualfount, grunt_decor_cap
D:2:      layout_basic, basic_altar, minmay_misc_feat_room,
          hangedman_feature_mirror
D:3:      layout_rooms, nicolae_titane
D:4:      layout_basic, minmay_temple_entry_glass, uniq_robin, uniq_edmund,
          uniq_menkaure
D:5:      layout_gridville, uniq_grinder, uniq_blork_the_orc
D:6:      layout_loops_corners, nicolae_overflow_hallway_of_the_gods,
          gammafunk_ghost_grave, chequers_serial_rivers_micro_b,
          minmay_liquid_box, minmay_misc_feat_five, chequers_mini_garden,
          uniq_crazy_yiuf_cottage
D:7:      layout_gridville, hangedman_ru_absence, serial_shops, kennysheep_mini,
          uniq_joseph
D:8:      layout_loops_ring, erik_lair_dragon, enter_bailey_5, serial_shops,
          shop
D:9:      layout_basic, minmay_orc_entry_temple_large, amcnicky_mini_pool_small,
          hangedman_abyss_or_decor_passed, chequers_serial_rivers_small_b
D:10:     layout_loops_ring, serial_shops, nicolae_shop_bloodbath_and_beyond,
          minmay_misc_feat_encased, grunt_decor_junction, uniq_josephine
D:11:     layout_stronghold, uniq_erolcha
D:12:     layout_roguey, skrybe_limestone_x, kennysheep_flooded_box,
          small_statue_intersection, zin_purify
D:13:     layout_cave_pools, lightli_vaults_fourway_checkpoint, uniq_frances
D:14:     layout_stronghold, uniq_rupert
D:15:     hangedman_depths_entry_try_elsewhere_first, layout_loops_ring,
          gauntlet_entry_generic
Temple:   nicolae_temple_superstar
Lair:1:   layout_chaotic_city, minmay_holes, lemuel_fruit_tree,
          grunt_megastairs_2, lemuel_fruit_fields, lemuel_fruit_fields
Lair:2:   layout_chaotic_city, chequers_serial_rivers_room_b,
          grunt_megastairs_5, uniq_harold
Lair:3:   layout_cellular_growth, minmay_swamp_entry_worms, dummy_snake_entry,
          uniq_fannar
Lair:4:   layout_roguey, roderic_carrion_pond, serial_bayou_shore_b
Lair:5:   gammafunk_lair_ancient_temple, layout_loops_ring, slime_entry_1,
          dreamdust_deal_with_the_devil, st_stairs_9,
          chequers_serial_rivers_micro_a
Snake:1:  layout_basic, basic_altar, minmay_shoptagon, uniq_aizul
Snake:2:  layout_basic, serial_shops, nicolae_shop_crystal, minmay_shop_grove,
          grunt_megastairs_1, uniq_vashnia
Orc:1:    layout_caves, ebering_ghost_reflecting_pool, special_room
          [special_room_kobold], uniq_urug, uniq_snorg
Orc:2:    st_orc_open, layout_caves

Skill      XL: |  1  2  3  4  5  6  7  8  9 10 11 12 13 14 15 16 |
---------------+-------------------------------------------------+-----
Spellcasting   | 5 6 7 8 9 10 11 12 | 12.6
Invocations    | 1 2 3 4 5 6 7 8 9 10 11 12 | 12.6
Short Blades   | 1 2 3 5 6 7 8 9 10 11 | 11.6
Long Blades    | 1 2 3 5 6 7 8 9 10 11 | 11.6
Axes           | 1 2 3 5 6 7 8 9 10 11 | 11.6
Maces & Flails | 1 2 3 5 6 7 8 9 10 11 | 11.6
Staves         | 1 2 3 5 6 7 8 9 10 11 | 11.6
Ranged Weapons | 1 2 3 5 6 7 8 9 10 11 | 11.6
Throwing       | 1 2 3 5 6 7 8 9 10 11 | 11.6
Armour         | 1 2 3 5 6 7 8 9 10 11 | 11.6
Stealth        | 1 2 3 5 6 7 8 9 10 11 | 11.6
Shields        | 1 2 3 5 6 7 8 9 10 11 | 11.6
Unarmed Combat | 1 2 3 5 6 7 8 9 10 11 | 11.6
Evocations     | 1 2 3 5 6 7 8 9 10 11 | 11.6
Hexes          | 1 2 3 4 5 6 7 8 9 |  9.8
Summonings     | 1 2 3 4 5 6 7 8 9 |  9.8
Necromancy     | 1 2 3 4 5 6 7 8 9 |  9.8
Translocations | 1 2 3 4 5 6 7 8 9 |  9.8
Transmutations | 1 2 3 4 5 6 7 8 9 |  9.8
Fire Magic     | 1 2 3 4 5 6 7 8 9 |  9.8
Ice Magic      | 1 2 3 4 5 6 7 8 9 |  9.8
Air Magic      | 1 2 3 4 5 6 7 8 9 |  9.8
Earth Magic    | 1 2 3 4 5 6 7 8 9 |  9.8
Poison Magic   | 1 2 3 4 5 6 7 8 9 |  9.8
Fighting       | 5 6 7 8 9 10 11 12 | 12.4
Dodging        | 5 6 7 8 9 10 11 12 | 12.4
Polearms       | 7 8 9 10 11 12 13 | 13.2
Conjurations   | 6 7 8 9 10 11 | 11.2

Action                     |  1- 3 |  4- 6 |  7- 9 | 10-12 | 13-15 | 16-18 || total
---------------------------+-------+-------+-------+-------+-------+-------++-------
  Melee: Spear             |    97 |       |    41 |   147 |       |       ||   285
         Bite              |    11 |     9 |    17 |    92 |   570 |   236 ||   935
         Punch             |     2 |     3 |     3 |     7 |       |       ||    15
         Trident           |    39 |   123 |   173 |       |       |       ||   335
         Double sword      |       |       |       |   244 |   203 |    55 ||   502
         Quick blade       |       |       |       |   313 |  2959 |  1405 ||  4677
   Fire: Sling             |       |       |     2 |       |       |       ||     2
  Throw: Dart              |       |       |       |    22 |     4 |       ||    26
   Cast: Kiss of Death     |     1 |     3 |       |     2 |       |       ||     6
         Hailstorm         |       |     3 |     3 |    11 |       |       ||    17
         Momentum Strike   |       |     7 |    45 |    17 |       |       ||    69
 Invoke: Potion Petition   |       |       |       |     2 |     4 |     5 ||    11
  Evoke: Wand              |       |       |     3 |       |       |       ||     3
    Use: Potion            |       |       |       |     1 |     1 |     3 ||     5
         Scroll            |       |       |       |       |    13 |     4 ||    17
   Stab: Sleeping          |       |     3 |     4 |    15 |    10 |     9 ||    41
         Distracted        |       |       |       |     8 |     9 |     3 ||    20
         Invisible         |       |       |       |       |     2 |       ||     2
 Armour: Leather armour    |    32 |    38 |    63 |   102 |       |       ||   235
         Scale mail        |       |       |       |   105 |  1084 |   303 ||  1492
  Dodge: Dodged            |    44 |    50 |    88 |   257 |   836 |   242 ||  1517
  Block: Kite shield       |       |       |       |   209 |  1072 |   366 ||  1647

Table legend: (Time is in decaauts)
 A = Elapsed time spent in this place.
 B = Non-inter-level travel time spent in this place.
 C = Inter-level travel time spent in this place.
 D = Time resting spent in this place.
 E = Time spent auto-exploring this place.
 F = Levels seen in this place.
 G = Mean time per level.
                   A        B        C        D        E       F      G
               +--------+--------+--------+--------+--------+-----+--------+
         Total |  30642 |  29134 |   1508 |    415 |  22783 |  26 | 1178.5 |
       Dungeon |  17601 |  16480 |   1121 |     17 |  13626 |  15 | 1173.4 |
        Temple |     96 |     89 |      7 |      0 |     49 |   1 |   96.0 |
          Lair |   7060 |   6730 |    330 |     26 |   5069 |   5 | 1412.0 |
     Snake Pit |   3274 |   3265 |      9 |    366 |   2228 |   2 | 1637.0 |
  Orcish Mines |   2099 |   2060 |     39 |      2 |   1464 |   2 | 1049.5 |
        Bailey |    510 |    510 |      0 |      2 |    346 |   1 |  510.0 |
               +--------+--------+--------+--------+--------+-----+--------+

Top non-repeatable levels by time:
 Snake:2: 1813 daAuts
  Lair:3: 1660 daAuts
    D:11: 1608 daAuts
  Lair:5: 1594 daAuts
     D:9: 1568 daAuts
     D:6: 1486 daAuts
  Lair:2: 1472 daAuts
    D:14: 1461 daAuts
 Snake:1: 1460 daAuts
    D:15: 1405 daAuts
   Orc:2: 1299 daAuts
    D:10: 1242 daAuts
  Lair:4: 1229 daAuts
     D:8: 1223 daAuts
     D:4: 1195 daAuts
